 Dungeon Crawl Stone Soup version 0.30-a0-585-g93115170b9 (webtiles) character file.

Game seed: 8031346139403337683

167 wormed the Slasher (level 5, -14/42 HPs)
             Began as a Merfolk Monk on Jan 2, 2023.
             Demolished by a gnoll sergeant
             ... wielding a +0 trident of venom
              (16 damage)
             ... on level 3 of the Dungeon.
             The game lasted 00:02:53 (1996 turns).

wormed the Slasher (Merfolk Monk)                   Turns: 1996, Time: 00:02:54

Health: -14/42     AC:  3    Str: 11    XL:     5   Next: 48%
Magic:  5/5        EV: 18    Int:  9    God:
Gold:   51         SH:  5    Dex: 19    Spells: 4/4 levels left

rFire   . . .      SeeInvis .    a - +0 falchion
rCold   . . .      Faith    .    (no shield)
rNeg    . . .      Spirit   .    k - +0 leather armour
rPois   .          Reflect  +    (no helmet)
rElec   .          Harm     .    (no cloak)
rCorr   .          Rampage  .    (no gloves)
Will    .....                    (boots currently unavailable)
Stlth   +++                      h - amulet of reflection
HPRegen 0.27/turn                (no ring)
MPRegen 0.09/turn                (no ring)

@: lethally poisoned (-14 -> -39), very quick
A: nimble swimmer 2, mertail
a: no special abilities


You were on level 3 of the Dungeon.
You visited 1 branch of the dungeon, and saw 3 of its levels.

You collected 51 gold pieces.

Inventory:

Hand Weapons
 a - a +0 falchion (weapon)
Armour
 b - a +0 robe
 k - a +0 leather armour (worn)
Jewellery
 h - an amulet of reflection (around neck)
Scrolls
 c - a scroll of enchant armour {unknown}
 d - 2 scrolls of poison {unknown}
 e - a scroll of amnesia {unknown}
 f - 2 scrolls of vulnerability {unknown}
 i - 5 scrolls of identify {unknown}
 j - 3 scrolls of blinking {unknown}
 l - a scroll of immolation {unknown}
 m - a scroll of magic mapping {unknown}
 o - a scroll of brand weapon {unknown}
Potions
 g - a potion of degeneration {unknown}
 n - a potion of curing {unknown}


   Skills:
 + Level 4.3 Fighting
 * Level 5.7 Long Blades
 + Level 5.2 Dodging
 - Level 2.1 Stealth


You had 4 spell levels left.
You didn't know any spells.
Your spell library contained the following spells:

 Spells                   Type           Power      Damage    Failure   Level
 Ignite Poison            Fire/Tmut/Pois 0%         N/A       85%         3
 Olgreb's Toxic Radiance  Pois           0%         N/A       99%         4
 Sticky Flame             Conj/Fire      0%         2d3       99%         4
 Ozocubu's Refrigeration  Ice            0%         4d7       100%        7
 Ignition                 Fire           0%         3d3       100%        8


Dungeon Overview and Level Annotations

Branches:
Dungeon (3/15)

Altars:

Shops:
D:3 !*


Innate Abilities, Weirdness & Mutations

You are very nimble when in or above water. (Stealth+, EV+, Speed+++)
Your lower body shifts to a powerful aquatic tail in water.


Message History

You hit the gnoll. You tail-slap the gnoll.
The gnoll is almost dead.
The gnoll barely misses you.
You barely miss the gnoll.
You tail-slap the gnoll, but do no damage.
The gnoll is almost dead.
The gnoll closely misses you.
You barely miss the gnoll.
The gnoll is almost dead.
You block the gnoll's attack.
You barely miss the gnoll.
The gnoll is almost dead.
The gnoll splashes around in the water.
You hit the gnoll.
You kill the gnoll!
You hear a splash.
The gnoll sergeant hits you from afar with a +0 trident of venom!
You hit the gnoll sergeant.
Your tail-slap misses the gnoll sergeant.
The gnoll sergeant is lightly wounded.
The gnoll sergeant misses you.
You closely miss the gnoll sergeant.
The gnoll sergeant is lightly wounded.
You block the gnoll sergeant's attack.
You closely miss the gnoll sergeant.
The gnoll sergeant is lightly wounded.
The gnoll sergeant hits you with a +0 trident of venom.
You are poisoned.
You hit the gnoll sergeant but do no damage.
The gnoll sergeant is lightly wounded.
You feel very sick.
The gnoll sergeant hits you with a +0 trident of venom!
* * * LOW HITPOINT WARNING * * *
You are more poisoned.
You hit the gnoll sergeant but do no damage.
The gnoll sergeant is lightly wounded.
* * * LOW HITPOINT WARNING * * *
You feel extremely sick.
The gnoll sergeant hits you with a +0 trident of venom!
You die...

#...####..#
#..#.#
#.......#
##.#.##
####.#..#
#....# .
###.#.##
###... ..
##≈≈≈#.# #...
#.#~≈)≈≈.#
###.
#....∩≈≈.###
##
###~~≈≈≈...#
##≈≈@###.#
###g# .# #.#
# #.. ### #.
#.
#####.#######
#............
..........###


You could see a gnoll sergeant.

Vanquished Creatures
  An iguana (D:3)
  5 gnolls (D:3)
  3 adders
  A worm (D:2)
  3 dart slugs
  2 orcs (D:3)
  3 endoplasms
  2 giant cockroaches
  6 goblins
  4 hobgoblins
  A jackal (D:2)
  2 quokkas
  5 ball pythons (D:1)
  4 bats
  3 frilled lizards
  7 kobolds
  6 rats
58 creatures vanquished.

Notes
Turn   | Place    | Note
-------+----------+-------------------------------------------
     0 | D:1      | wormed the Merfolk Monk began the quest for the Orb.
     0 | D:1      | Reached XP level 1. HP: 18/18 MP: 1/1
   228 | D:1      | Reached XP level 2. HP: 24/24 MP: 2/2
   517 | D:1      | Reached XP level 3. HP: 26/29 MP: 3/3
   585 | D:1      | Found a faded altar of an unknown god.
  1225 | D:2      | Reached XP level 4. HP: 26/37 MP: 4/4
  1596 | D:3      | Reached skill level 5 in Long Blades
  1750 | D:3      | Reached skill level 5 in Dodging
  1750 | D:3      | Found Otyboej's General Store.
  1844 | D:3      | Reached XP level 5. HP: 31/42 MP: 5/5
  1888 | D:3      | Found Zacosoe's Distillery.
  1996 | D:3      | HP: 2/42 [poisoned by a gnoll sergeant]
  1996 | D:3      | Demolished by a gnoll sergeant

Illustrated notes

Levels and vault maps discovered:
D:1:      minmay_arrival_stair_chambers, layout_loops_corners,
          ebering_ecumenical_altar_box
D:2:      layout_loops_cross, st_stairs_8
D:3:      layout_basic, serial_shops, nicolae_shop_waterfront,
          nicolae_shop_trees, shop, nicolae_square_shop, shop_fountains,
          kennysheep_cross_bottleneck, grunt_decor_arrowhead,
          minmay_joined_circles, uniq_ijyb, uniq_crazy_yiuf_cottage,
          uniq_terence

Skill      XL: |  1  2  3  4 |
---------------+-------------+-----
Long Blades    | 4 5 |  5.7
Fighting       | 4 |  4.3
Dodging        | 5 |  5.2
Stealth        | |  2.1

Action                   |  1- 3 |  4- 6 || total
-------------------------+-------+-------++-------
Melee: Falchion          |    96 |    82 ||   178
       Tailslap          |       |     4 ||     4
  Use: Potion            |     1 |       ||     1
 Stab: Sleeping          |     9 |     2 ||    11
Armor: Robe              |     5 |       ||     5
       Leather armour    |     4 |     7 ||    11
Dodge: Dodged            |    53 |    43 ||    96
Block: Other             |    16 |    20 ||    36
       Reflection        |       |     2 ||     2

Table legend: (Time is in decaauts)
 A = Elapsed time spent in this place.
 B = Non-inter-level travel time spent in this place.
 C = Inter-level travel time spent in this place.
 D = Time resting spent in this place.
 E = Time spent auto-exploring this place.
 F = Levels seen in this place.
 G = Mean time per level.
                   A        B        C        D        E       F      G
               +--------+--------+--------+--------+--------+-----+--------+
         Total |   2004 |   1967 |     37 |      0 |   1495 |   3 |  668.0 |
       Dungeon |   2004 |   1967 |     37 |      0 |   1495 |   3 |  668.0 |
               +--------+--------+--------+--------+--------+-----+--------+

Top non-repeatable levels by time:
     D:1: 1007 daAuts
     D:2: 536 daAuts
     D:3: 460 daAuts
